 Dungeon Sprint DCSS version 0.19.1 (webtiles) character file.

4515 equalderp2856 the Imperceptible (level 10, -57/49 HPs)
             Began as a Felid Fighter on Dec 5, 2016.
             Was an Initiate of Gozag.
             Killed from afar by Lom Lobon (63 damage)
             ... with a great icy blast
             ... in the Dungeon (Sprint I: "Red Sonja").
             The game lasted 00:29:28 (4962 turns).

equalderp2856 the Imperceptible (Felid Fighter)     Turns: 4962, Time: 00:29:29

Health: -57/49     AC:  3    Str: 13    XL:     10   Next: 16%
Magic:  15/15      EV: 28    Int: 11    God:    Gozag
Gold:   3818       SH:  0    Dex: 17    Spells: 5 memorised, 7 levels left
                                        Lives:  0   Deaths: 2

rFire  . . .     SeeInvis +       - Unarmed
rCold  . . .     Gourm    .     (armour unavailable)
rNeg   . . .     Faith    .     (shield unavailable)
rPois  .         Spirit   .     (helmet unavailable)
rElec  .         Reflect  .     (cloak unavailable)
rCorr  .         Harm     .     (gloves unavailable)
MR     +....     NoTele   +     (boots unavailable)
Stlth  +++++++++.               (no amulet)
                                g - +1 ring of protection
                                j - ring of stealth

@: gold aura, slowed, bribing [the Dungeon], slow
A: no armour, no weapons or thrown items, stealth, claws 1, fangs 3, see
invisible, carnivore 3, speed 1, shaggy fur 2, slow metabolism 1, sharp paws
a: Potion Petition, Call Merchant, Bribe Branch, Renounce Religion


You were in the Dungeon.
You worshipped Gozag.
Gozag was most pleased with you.
You were not hungry.

You visited 1 branch You collected 8018 gold pieces.
You spent 1200 gold pieces at shops.
You paid 3000 gold pieces to Gozag.

Inventory:

Jewellery
 g - a +1 ring of protection (right paw)
 j - a ring of stealth (left paw)
 o - a cursed +3 ring of strength {unknown}
 r - a +5 ring of dexterity {unknown}
Wands
 n - a wand of disintegration (15/24)
 q - a wand of slowing (31/48)
Scrolls
 d - a scroll of identify {unknown}
 h - 2 scrolls of blinking
 i - 2 scrolls of remove curse {unknown}
Potions
 a - 2 potions of might
 c - 3 potions of curing
 e - 3 potions of haste
 f - 3 potions of magic
 p - a potion of agility {unknown}
Books
 k - a book of Maledictions

   Spells                             Type                      Level
   a - Corona                         Hexes                        1
   b - Ensorcelled Hibernation        Hexes/Ice                    2
   c - Confuse                        Hexes                        3
   d - Tukima's Dance                 Hexes                        3
   e - Dazzling Spray                 Conjuration/Hexes            3
 l - a book of Misfortune

   Spells                             Type                      Level
   a - Confusing Touch                Hexes                        1
   b - Confuse                        Hexes                        3
   c - Gell's Gravitas                Hexes/Translocation          3
   d - Petrify                        Transmutation/Earth          4
   e - Metabolic Englaciation         Hexes/Ice                    5
   f - Yara's Violent Unravelling     Hexes/Transmutation          5
 m - a book of Cantrips

   Spells                             Type                      Level
   a - Confusing Touch                Hexes                        1
   b - Animate Skeleton               Necromancy                   1
   c - Summon Small Mammal            Summoning                    1
   d - Apportation                    Translocation                1
 s - a book of Ice

   Spells                             Type                      Level
   a - Ice Form                       Ice/Transmutation            4
   b - Metabolic Englaciation         Hexes/Ice                    5
   c - Ozocubu's Refrigeration        Ice                          6
   d - Bolt of Cold                   Conjuration/Ice              6
   e - Freezing Cloud                 Conjuration/Ice/Air          6
   f - Simulacrum                     Ice/Necromancy               6
 t - a book of Air

   Spells                             Type                      Level
   a - Shock                          Conjuration/Air              1
   b - Swiftness                      Charms/Air                   2
   c - Repel Missiles                 Charms/Air                   2
   d - Static Discharge               Conjuration/Air              3
   e - Lightning Bolt                 Conjuration/Air              5
Comestibles
 b - 2 meat rations


   Skills:
 + Level 9.3 Fighting
 + Level 12.6 Dodging
 * Level 23.2 Stealth
 + Level 19.4 Unarmed Combat
 + Level 3.0 Spellcasting
 + Level 4.6 Hexes
 + Level 1.8 Necromancy
 + Level 2.6 Ice Magic
 + Level 1.0 Evocations


You had 7 spell levels left.
You knew the following spells:

 Your Spells              Type           Power        Failure   Level  Hunger
a - Confusing Touch       Hex            ##....       4%          1    #......
b - Corona                Hex            ##.....      4%          1    #......
c - Confuse               Hex            ##......     14%         3    ###....
d - Ensorcelled Hibernat  Hex/Ice        #.....       12%         2    ###....
e - Animate Skeleton      Necr           N/A          14%         1    #......


Dungeon Overview and Level Annotations

Branches:
Dungeon (1/1)

Altars:
Cheibriados
Dithmenos
Elyvilon
Fedhas
Gozag
Hepliaklqana
Kikubaaqudgha
Makhleb
Nemelex Xobeh
Okawaru
Qazlal
Ru
Sif Muna
Trog
Uskayaw
Vehumet
Xom
Yredelemnul
Zin
The Shining One
Jiyva
Lugonu

Shops:
D :*(:}!*==:?(}[([:

Annotations:
D Lom Lobon, Tiamat


Innate Abilities, Weirdness & Mutations

You cannot wear armour.
You are incapable of wielding weapons or throwing items.
Your paws allow you to move quietly. (Stealth)
You have sharp claws.
You have razor-sharp teeth.
You have supernaturally acute eyesight. (SInv)
You are carnivorous and can eat meat at any time.
You cover ground quickly.
You are covered in thick fur. (AC +2)
You have a slow metabolism.
Your sharp claws are effective at attacking unaware monsters.


Message History

You feel yourself slow down.
* * * LOW HITPOINT WARNING * * *
x2 You feel very sick.
Unknown command.
You feel better.
You are engulfed in dark miasma.
You are lethally poisoned!
You feel your flesh rotting away!
You feel as though you will be slow longer.
* * * LOW HITPOINT WARNING * * *
x2 You feel very sick.
You feel better. The ice encasing you melts away.
Lom Lobon opens the door.
The winds around Lom Lobon start to calm down.
Lom Lobon gestures at you.
Lom Lobon conjures a mighty blast of ice!
The great icy blast engulfs you!
Ouch! That really hurt!
You die...
Your body crumbles into a pile of gold.

..(#####...#### #≈≈≈≈## $ $ ##§$
(........###..§ #)≈≈≈≈########d§$
...C.#####...§####≈≈≈≈#≈≈≈≈≈#§.§.
.C..##§§§§.§§§#..#'≈≈≈'≈≈.≈≈§.§$§
...## §.§§§§§.#...##≈≈#≈≈≈≈§#≈≈§.
...# .§§§§^.§#....######'#####§≈
.### #§§§§.§#....#≈≈≈≈≈≈≈≈≈≈##≈
≈≈≈C≈≈.#.§§§§§#######≈≈≈≈≈≈≈≈≈≈≈≈
########.§§§§&§§@#[['...≈≈≈≈≈≈≈#≈
0..'. ..§§§§§§#§.')|#....$$$$≈≈≈#
#################################


You could see Lom Lobon.

Vanquished Creatures
  A lorocyproca (D)
  2 centaur warriors (D)
  Sonja (D)
  A deep troll (D)
  7 unseen horrors (D)
  A lindwurm (D)
  An oklob plant (D)
  A gargoyle (D)
  2 kobold demonologists (D)
  4 demonic crawlers (D)
  A hornet (D)
  A slime creature (D)
  Sigmund (D)
  2 redbacks (D)
  13 hogs (D)
  A yak (D)
  3 floating eyes (D)
  An ogre (D)
  7 necrophages (D)
  8 jellies (D)
  Ijyb (D)
  5 ballistomycetes (D)
65 creatures vanquished.

Vanquished Creatures (collateral kills)
  the Lernaean hydra (D)
  A siren (D)
  A hornet (D)
3 creatures vanquished.

Vanquished Creatures (others)
  A deep elf master archer (D)
  An oklob plant (D)
  A siren (D)
  A gargoyle (D)
  A hellwing (D)
  A meliai (D)
  3 hornets (D)
  3 ball lightnings (D)
  2 ballistomycete spores (D)
14 creatures vanquished.

Grand Total: 82 creatures vanquished

Notes
Turn   | Place    | Note
-------+----------+-------------------------------------------
     0 | D        | equalderp2856 the Felid Fighter began the quest for the Orb.
     0 | D        | Reached XP level 1. HP: 10/10 MP: 2/2
     2 | D        | Noticed Ijyb
    11 | D        | Killed Ijyb
    11 | D        | Reached skill level 5 in Dodging
    11 | D        | Reached XP level 2. HP: 12/15 MP: 3/3
    65 | D        | Noticed an ogre
    70 | D        | Killed an ogre
    70 | D        | Reached skill level 4 in Stealth
    70 | D        | Reached XP level 3. HP: 18/18 MP: 4/4
    70 | D        | Reached XP level 4. HP: 22/22 MP: 5/5
    84 | D        | Noticed Sigmund
    96 | D        | Killed Sigmund
    96 | D        | Reached skill level 5 in Fighting
    96 | D        | Reached skill level 7 in Stealth
    96 | D        | Reached skill level 10 in Unarmed Combat
    96 | D        | Reached XP level 5. HP: 27/27 MP: 6/6
   111 | D        | Found a deep blue altar of Sif Muna.
   113 | D        | Found a radiant altar of Vehumet.
   117 | D        | Gained mutation: You are covered in thick fur. (AC +2) [Felid growth]
   117 | D        | Reached XP level 6. HP: 31/31 MP: 7/7
   120 | D        | Found Saoth's General Store.
   120 | D        | Found an ancient bone altar of Kikubaaqudgha.
   120 | D        | Found a hazy altar of Hepliaklqana.
   120 | D        | Found a stormy altar of Qazlal.
   120 | D        | Found a hide-covered altar of Uskayaw.
   120 | D        | Found a blossoming altar of Fedhas.
   120 | D        | Found a bloodstained altar of Trog.
   120 | D        | Found an iron altar of Okawaru.
   120 | D        | Found a basalt altar of Yredelemnul.
   120 | D        | Found a glowing golden altar of the Shining One.
   120 | D        | Found a snail-covered altar of Cheibriados.
   120 | D        | Found a sacrificial altar of Ru.
   120 | D        | Found a glowing silver altar of Zin.
   120 | D        | Found a shadowy altar of Dithmenos.
   120 | D        | Found a white marble altar of Elyvilon.
   120 | D        | Noticed a yak
   127 | D        | Killed a yak
   127 | D        | Reached skill level 8 in Stealth
   128 | D        | Found an opulent altar of Gozag.
   129 | D        | Found a sparkling altar of Nemelex Xobeh.
   169 | D        | Found a burning altar of Makhleb.
   169 | D        | Found a viscous altar of Jiyva.
   169 | D        | Found a shimmering altar of Xom.
   169 | D        | Found a corrupted altar of Lugonu.
   169 | D        | Noticed a slime creature
   172 | D        | Killed a slime creature
   172 | D        | Reached skill level 9 in Stealth
   172 | D        | Reached XP level 7. HP: 35/35 MP: 8/8
   216 | D        | Became a worshipper of Gozag Ym Sagoz the Greedy
   220 | D        | Bought an uncursed ring of stealth for 210 gold pieces
   241 | D        | Noticed a kobold demonologist
   242 | D        | Noticed a kobold demonologist
   246 | D        | Killed a kobold demonologist
   246 | D        | Reached skill level 10 in Stealth
   248 | D        | Killed a kobold demonologist
   248 | D        | Reached skill level 11 in Stealth
   248 | D        | Reached XP level 8. HP: 40/40 MP: 9/9
   282 | D        | Noticed a centaur warrior
   283 | D        | Noticed a centaur warrior
   295 | D        | Noticed a deep troll
   297 | D        | Killed a deep troll
   297 | D        | Reached skill level 10 in Dodging
   297 | D        | Reached skill level 12 in Stealth
   310 | D        | Noticed Sonja
   313 | D        | Killed Sonja
   313 | D        | Reached skill level 14 in Stealth
   313 | D        | Reached XP level 9. HP: 44/44 MP: 10/10
   330 | D        | Found Vinnarph's Book Boutique.
   370 | D        | Bought a book of Maledictions for 275 gold pieces
   370 | D        | Bought a book of Misfortune for 220 gold pieces
   377 | D        | Learned a level 1 spell: Confusing Touch
   379 | D        | Learned a level 1 spell: Corona
   383 | D        | Learned a level 3 spell: Confuse
   386 | D        | Learned a level 2 spell: Ensorcelled Hibernation
   426 | D        | Found Iceguol's Armour Emporium.
   442 | D        | Killed a centaur warrior
   442 | D        | Reached skill level 15 in Stealth
   442 | D        | Reached skill level 15 in Unarmed Combat
   444 | D        | Killed a centaur warrior
   444 | D        | Reached skill level 16 in Stealth
   480 | D        | Bought a book of Cantrips for 220 gold pieces
   488 | D        | Learned a level 1 spell: Animate Skeleton
   639 | D        | Noticed an oklob plant
   641 | D        | Killed an oklob plant
   641 | D        | Reached XP level 10. HP: 49/49 MP: 11/11
   650 | D        | Reached skill level 17 in Stealth
   678 | D        | Noticed an unseen horror
   678 | D        | Noticed an unseen horror
   698 | D        | Killed an unseen horror
   701 | D        | HP: 2/73 [unseen horror (10)]
   703 | D        | Killed an unseen horror
   703 | D        | Reached skill level 18 in Stealth
  1087 | D        | Found Aphad's Book Shoppe.
  1087 | D        | Found Cuiwnap's Antique Armour Boutique.
  1089 | D        | Found Wypapor's Antique Weapon Emporium.
  1089 | D        | Found Xememm's Gadget Boutique.
  1090 | D        | Found Idghegup's Antique Weapon Shop.
  1091 | D        | Found Coompag's Book Emporium.
  1103 | D        | Reached skill level 19 in Stealth
  1184 | D        | Found Zumeoliwy's Distillery.
  1184 | D        | Found Gottyig's Assorted Antiques.
  1184 | D        | Found Diddus's Jewellery Shoppe.
  1184 | D        | Found Obivys's Jewellery Boutique.
  1184 | D        | Found Foelir's Book Emporium.
  1184 | D        | Found Ycug's Magic Scroll Shop.
  1184 | D        | Found Lutir Hum's Weapon Shoppe.
  1186 | D        | Found Upogaris's Gadget Boutique.
  1214 | D        | Bought a +1 ring of protection for 33 gold pieces
  1373 | D        | Reached skill level 20 in Stealth
  1558 | D        | Noticed a lindwurm
  1563 | D        | Killed a lindwurm
  1563 | D        | Reached XP level 11. HP: 52/52 MP: 12/12
  1598 | D        | Reached skill level 1 in Hexes
  1608 | D        | Reached skill level 21 in Stealth
  1608 | D        | Reached skill level 1 in Spellcasting
  1617 | D        | Reached skill level 1 in Ice Magic
  2120 | D        | Noticed a daeva
  2149 | D        | Noticed a lorocyproca
  2302 | D        | Killed a lorocyproca
  2302 | D        | Reached skill level 1 in Necromancy
  2643 | D        | Bought a wand of disintegration (18/24) for 242 gold pieces
  4156 | D        | Noticed a 12-headed hydra
  4258 | D        | Paralysed by a floating eye for 4 turns
  4510 | D        | Noticed an unseen horror
  4510 | D        | Noticed an unseen horror
  4510 | D        | Noticed an unseen horror
  4510 | D        | Noticed an unseen horror
  4512 | D        | Killed an unseen horror
  4513 | D        | Noticed an unseen horror
  4514 | D        | Killed an unseen horror
  4515 | D        | Killed an unseen horror
  4515 | D        | Reached skill level 22 in Stealth
  4517 | D        | Killed an unseen horror
  4519 | D        | Killed an unseen horror
  4537 | D        | Noticed a fire giant
  4541 | D        | Noticed a fire giant
  4542 | D        | Noticed a fire giant
  4543 | D        | Noticed a fire giant
  4557 | D        | Noticed Tiamat
  4661 | D        | Noticed a deep elf annihilator
  4666 | D        | Noticed a mummy priest
  4668 | D        | Noticed an oklob plant
  4681 | D        | Killed an oklob plant
  4726 | D        | Noticed the 27-headed Lernaean hydra
  4764 | D        | Mangled by the 27-headed Lernaean hydra
  4765 | D        | Reached XP level 10. HP: -10/49 MP: 15/15
  4767 | D        | Killed the 26-headed Lernaean hydra
  4767 | D        | Reached skill level 23 in Stealth
  4767 | D        | Reached skill level 1 in Evocations
  4767 | D        | Reached XP level 11. HP: 53/53 MP: 16/16
  4908 | D        | Noticed a deep elf master archer
  4929 | D        | Mangled by Tiamat
  4930 | D        | Reached XP level 10. HP: -6/49 MP: 15/15
  4947 | D        | Noticed Lom Lobon
  4960 | D        | HP: 1/48 [poison (dark miasma)]
  4962 | D        | Killed from afar by Lom Lobon

Skill      XL: |  1  2  3  4  5  6  7  8  9 10 11 |
---------------+----------------------------------+-----
Dodging        | 5 6 7 8 9 10 11 12 | 12.6
Unarmed Combat | 6 7 10 12 13 14 16 17 19 | 19.4
Fighting       | 4 5 6 7 8 9 |  9.3
Stealth        | 4 7 9 11 14 16 23 22 | 23.2
Hexes          | 4 |  4.6
Spellcasting   | 3 |  3.0
Ice Magic      | 2 |  2.6
Necromancy     | 1 |  1.8
Evocations     | 1 |  1.0

Action                   |  1- 3 |  4- 6 |  7- 9 | 10-12 || total
-------------------------+-------+-------+-------+-------++-------
Melee: Unarmed           |    11 |    19 |    17 |   149 ||   196
       Punch             |       |     1 |     1 |    13 ||    15
       Bite              |       |     1 |     2 |    20 ||    23
Invok: Bribe Branch      |       |       |       |     1 ||     1
Evoke: Wand              |       |       |       |     3 ||     3
  Use: Potion            |       |     1 |       |     3 ||     4
 Stab: Sleeping          |     1 |     2 |     8 |    15 ||    26
       Distracted        |       |       |       |     3 ||     3
  Eat: Meat ration       |       |       |       |     1 ||     1
Armor: Skin              |       |       |       |     3 ||     3
Dodge: Dodged            |     8 |     8 |     9 |   108 ||   133
